 Dungeon Crawl Stone Soup version 0.30-a0-1103-g25895a7845 (webtiles) character file.

Game seed: 7752756208609113911

4309 ryw the Basher (level 10, -46/77 HPs)
             Began as a Mummy Fighter on Apr 19, 2023.
             Was a Priest of Okawaru.
             Killed by an exploding orc (55 damage)
             ... ignited by their inner flame
             ... on level 9 of the Dungeon.
             The game lasted 00:18:33 (8900 turns).

ryw the Basher (Mummy Fighter)                      Turns: 8900, Time: 00:18:33

Health: -46/77     AC: 18    Str: 25    XL:     10   Next: 11%
Magic:  8/10       EV:  6    Int:  7    God:    Okawaru [***...]
Gold:   434        SH: 10    Dex: 11    Spells: 9/9 levels left

rFire   x . .      SeeInvis .    f - +5 morningstar (freeze)
rCold   + . .      Faith    +    c - +0 buckler
rNeg    + + +      Spirit   .    l - +0 plate armour
rPois   ∞          Reflect  +    a - +1 helmet
rElec   .          Rampage  .    q - +0 cloak
rCorr   .                        v - +1 pair of gloves
Will    +....                    (no boots) Stlth
                                 n - amulet of reflection
HPRegen 0.32/turn                (no ring)
MPRegen 0.12/turn                (no ring)

@: studying Shields
A: cold resistance 1, negative energy resistance 3, torment resistance 2, heat
vulnerability 1, in touch with death 1, no potions, faith
a: Renounce Religion, Heroism


You were on level 9 of the Dungeon.
You worshipped Okawaru.
Okawaru was most pleased with you.
You visited 2 branches of the dungeon, and saw 10 of its levels.
You also visited: Bailey.

You collected 434 gold pieces.

Inventory:

Hand Weapons
 f - a +5 morningstar of freezing (weapon)
Missiles
 d - 5 curare-tipped darts
 k - 11 poisoned darts
 p - 7 boomerangs (quivered)
Armour
 a - a +1 helmet (worn)
 c - a +0 buckler (worn)
 l - a +0 plate armour (worn)
 q - a +0 cloak (worn)
 u - a +0 tower shield
 v - a +1 pair of gloves (worn)
Jewellery
 h - an amulet of guardian spirit
 m - an amulet of the acrobat
 n - an amulet of reflection (around neck)
 o - a ring of flight
 w - a ring of protection from cold
Wands
 b - a wand of roots (26)
 i - a wand of polymorph (1)
 x - a wand of flame (17)
Scrolls
 e - a scroll of immolation
 j - a scroll of vulnerability
 s - a scroll of torment


   Skills:
 + Level 6.7 Fighting
 * Level 8.4 Maces & Flails
 - Level 3.0 Throwing
 + Level 5.5 Armour
 + Level 6.3 Shields


You had 9 spell levels left.
You didn't know any spells.
Your spell library contained the following spells:

 Spells                   Type           Power      Damage    Failure   Level
 Apportation              Tloc           0%         N/A       100%        1
 Cigotuvi's Dreadful Rot  Necr/Pois/Air  0%         N/A       100%        2
 Vhi's Electric Charge    Tloc/Air       0%         N/A       100%        3
 Dispel Undead            Necr           0%         3d6       100%        4
 Alistair's Intoxication  Tmut/Pois      0%         N/A       100%        5
 Arcjolt                  Conj/Air       0%         1d10      100%        5
 Plasma Beam              Fire/Air       0%         2x1d11    100%        6
 Death Channel            Necr           Unusable   N/A       N/A         6

Dungeon Overview and Level Annotations

Branches:
Dungeon (9/15)             Temple (1/1) D:5            Lair (0/5) D:9
    Orc (0/2) D:9          Bailey (visited)

Altars:
Ashenzari
Cheibriados
Dithmenos
Fedhas
Gozag
Kikubaaqudgha
Makhleb
Nemelex Xobeh
Okawaru
Qazlal
Ru
Sif Muna
Trog
Uskayaw
Vehumet
Wu Jian
Xom
Yredelemnul

Shops:
D:2 !   D:5 :


Innate Abilities, Weirdness & Mutations

You are immune to poison.
Your flesh is cold resistant. (rC+)
You are immune to negative energy. (rN+++)
You are immune to unholy pain and torment.
You are vulnerable to heat. (rF-)
You are in touch with the powers of death.
You do not drink.
You have a special connection with the divine. (Faith)


Message History

You hear a shout!
You block the orc warrior's attack. The orc hits you but does no damage.
You block the orc's attack. x2; The orc hits you with a +0 hand axe.
* * * LOW HITPOINT WARNING * * *
An orc opens the door.
The orc hits you but does no damage. x2
As you read the scroll labelled QAUSA ERISEBASS, it crumbles to dust.
You hear a loud clanging noise!
It was a scroll of noise.
You hear a shout! x2
The orc hits you but does no damage. x5; The orc hits you with a +0 club.
* * * LOW HITPOINT WARNING * * *
The orc warrior hits you with a +0 battleaxe.
* * * LOW HITPOINT WARNING * * *
As you read the scroll labelled SEHIAS ISU, it crumbles to dust.
You feel aware of your surroundings.
It was a scroll of magic mapping.
You block the orc's attack. The orc hits you but does no damage.
The orc hits you with a +0 falchion.
* * * LOW HITPOINT WARNING * * *
You block the orc's attack. The orc hits you but does no damage.
You block the orc warrior's attack. The orc hits you but does no damage.
Unknown command.
Unknown command.
Really read the scroll of immolation?
As you read the scroll of immolation, it crumbles to dust.
The creatures around you are filled with an inner flame!
The orc priest looks satisfied for a moment.
The orc hits you but does no damage. The orc closely misses you.
You block the orc's attack. The orc hits you but does no damage.
You block the orc's attack. The orc hits you but does no damage.
The orc warrior hits you with a +0 battleaxe.
* * * LOW HITPOINT WARNING * * *
Unknown command.
You hit the orc.
Flame seeps out of the orc.
You freeze the orc. Okawaru accepts your kill.
The orc explodes!
The fiery explosion engulfs the orc!!
Okawaru accepts your kill. The fiery explosion engulfs you!!!
The fire burns you terribly!
Ouch! That really hurt!
You die...

*,,,,,,,,,,*,,8,,⌠,,*,,,* *,,,,
*,,,,,,,,,,+,,#o§§§§#,*** *,^,,
*,,,,,,,,,,**,#§§§§§#** *,,,,
*,,,,,,,,,,*#,#8o§o§# *****
****,*******#§#§§o§§# ****,,,***
#§#.§§§§# ,,,,,,,,,**##§8oo§§§#
,,,,,,,,,+§#§§§oo§§§#**
,,,,,,,,,#§§§§8○@o§§#,*
,,,,,,,,,#§##§#ooo§§#,*
,,,,,,,,,*,**,#######,***********
,,,,,,,,,*,,+,,,,,,,,,+,,,,,,,,,,
,,,,,,,,,****,,,>,,,,,***********
,,,,,,,,,* *,,,,,,,,,* **********
*,,,,,,,,,* ***********


You could see 2 orc warriors, 3 orc priests and 7 orcs.

Vanquished Creatures
  A manticore (D:8)
  Maurice (D:8)
  A slime creature (D:7)
  A vampire (D:7)
  A yak (D:8)
  2 steam dragons (D:7)
  A water moccasin (D:5)
  An orc warrior (D:5)
  Duvessa (D:6)
  A sky beast (D:6)
  3 ice beasts
  2 black bears
  An ogre (D:7)
  3 centaurs
  A kobold brigand (D:8)
  5 bullfrogs
  2 scorpions (D:5)
  A gnoll sergeant (D:6)
  5 wights (D:8)
  Dowan (D:6)
  A howler monkey (D:7)
  2 jellies
  2 hounds
  4 orc priests
  3 iguanas
  6 orc wizards
  14 gnolls
  A river rat (D:6)
  2 adders (D:3)
  4 ufetubi
  2 worms
  A dart slug (D:1)
  31 orcs
  6 ball pythons
  6 endoplasms
  A giant cockroach (D:2)
  13 goblins
  8 hobgoblins
  10 jackals
  2 kobolds
  2 quokkas (D:1)
  8 bats
  4 frilled lizards
  10 rats
178 creatures vanquished.

Vanquished Creatures (others)
  7 plants (D:1)
7 creatures vanquished.

Grand Total: 185 creatures vanquished

Notes
Turn   | Place    | Note
-------+----------+-------------------------------------------
     0 | D:1      | ryw the Mummy Fighter began the quest for the Orb.
     0 | D:1      | Reached XP level 1. HP: 18/18 MP: 1/1
   104 | D:1      | Reached skill level 2 in Maces & Flails
   287 | D:1      | Reached XP level 2. HP: 22/24 MP: 2/2
  1115 | D:2      | Found Pox Fero's Distillery.
  1197 | D:2      | Found a shadowy altar of Dithmenos.
  1219 | D:2      | Gained mutation: You are in touch with the powers of death.
                  | [Mummy growth]
  1219 | D:2      | Reached XP level 3. HP: 29/29 MP: 3/3
  1250 | D:2      | Reached skill level 3 in Maces & Flails
  1720 | D:2      | Found a faded altar of an unknown god.
  1898 | D:2      | Reached XP level 4. HP: 32/35 MP: 4/4
  2082 | D:3      | Reached skill level 4 in Maces & Flails
  2748 | D:3      | Reached XP level 5. HP: 41/41 MP: 5/5
  3419 | D:4      | Noticed a black bear
  3426 | D:4      | Killed a black bear
  3648 | D:3      | Reached XP level 6. HP: 41/47 MP: 6/6
  3925 | D:5      | Entered Level 5 of the Dungeon
  4300 | D:5      | Found Ywurebyt's Tiny Tomes.
  4466 | D:4      | Identified a scroll of acquirement
  4466 | D:4      | Acquired a +5 morningstar of protection
  4516 | D:5      | Noticed a water moccasin
  4530 | D:5      | Killed a water moccasin
  4531 | D:5      | Reached skill level 5 in Maces & Flails
  4707 | D:5      | Reached XP level 7. HP: 53/53 MP: 7/7
  4711 | D:5      | Reached skill level 1 in Throwing
  4839 | D:5      | Found a staircase to the Ecumenical Temple.
  4906 | Temple   | Entered the Ecumenical Temple
  5083 | Temple   | Became a worshipper of Warmaster Okawaru
  5493 | D:6      | Identified the +10 mace "Cutasa" {heavy, *Noise Fragile
                  | rPois Dex+7}
  5642 | D:6      | Noticed Dowan
  5704 | D:5      | Reached * piety under Okawaru
  5885 | D:6      | Reached XP level 8. HP: 42/61 MP: 8/8
  6022 | D:6      | Reached skill level 6 in Maces & Flails
  6351 | D:6      | Noticed Duvessa
  6356 | D:6      | Killed Duvessa
  6372 | D:6      | Killed Dowan
  6999 | D:7      | Reached skill level 5 in Fighting
  7172 | D:7      | Found a flagged portal.
  7184 | Bailey   | Entered a bailey
  7402 | D:7      | Reached ** piety under Okawaru
  8036 | D:7      | Reached XP level 9. HP: 20/68 MP: 6/9
  8076 | D:7      | Reached skill level 7 in Maces & Flails
  8415 | D:7      | Reached skill level 5 in Shields
  8422 | D:7      | Reached *** piety under Okawaru
  8716 | D:8      | Noticed Maurice
  8732 | D:8      | Reached skill level 5 in Armour
  8786 | D:8      | Killed Maurice
  8823 | D:8      | Reached skill level 8 in Maces & Flails
  8843 | D:8      | Noticed a manticore
  8867 | D:8      | Killed a manticore
  8867 | D:8      | Reached **** piety under Okawaru
  8868 | D:8      | Reached XP level 10. HP: 17/77 MP: 7/10
  8895 | D:9      | Found a staircase to the Orcish Mines.
  8900 | D:9      | Killed by an exploding orc... ignited by their inner flame

Illustrated notes

Levels and vault maps discovered:
D:1:      wheals_arrival_shading, layout_basic, serial_bayou,
          serial_bayou_pond_c, serial_bayou_ford_a, serial_bayou_lagoon_a,
          serial_bayou_pond_d, serial_bayou_pond_c, serial_bayou_shore_b,
          minmay_misc_feat_rows, chequers_hall_statues_y
D:2:      layout_rooms, basic_altar, ebering_ecumenical_altar_box, serial_shops,
          nicolae_shop_advertising_works [nicolae_subvault_shop_adworks],
          chequers_serial_rivers_micro_e
D:3:      kb_forest_paths, layout_loops_ring
D:4:      layout_gridville
D:5:      layout_basic, temple_doors_cd, hangedman_abyss_or_decor_passed,
          kennysheep_flooded_box, nicolae_shop_i_like_small_books_too,
          kennysheep_generic_room_6
D:6:      layout_cave_pools, portal_sewer_entry_e, uniq_duvessa
D:7:      minmay_octagon_keep, layout_basic, enter_bailey_3,
          minmay_manual_mandibuliform
D:8:      layout_basic, minmay_misc_feat_plants, minmay_manual_moon,
          uniq_gastronok, uniq_maggie, uniq_maurice
D:9:      layout_roguey, grunt_lair_entry_orc_guard_hut, david_orc_5,
          gammafunk_ghost_smash, kennysheep_crisscross
Temple:   mainiacjoe_temple_starburst

Skill      XL: |  1  2  3  4  5  6  7  8  9 |
---------------+----------------------------+-----
Maces & Flails | 2 3 4 5 6 8 |  8.4
Armour         | 3 4 5 |  5.5
Shields        | 3 4 6 |  6.3
Fighting       | 4 5 6 |  6.7
Throwing       | 1 2 3 |  3.0

Action                     |  1- 3 |  4- 6 |  7- 9 | 10-12 || total
---------------------------+-------+-------+-------+-------++-------
  Melee: Flail             |   116 |   176 |       |       ||   292
         Morningstar       |       |    10 |   295 |    14 ||   319
  Throw: Boomerang         |       |    12 |     3 |       ||    15
         Dart              |       |     1 |       |       ||     1
 Invoke: Heroism           |       |       |    12 |     1 ||    13
    Use: Scroll            |       |    10 |     2 |     4 ||    16
 Armour: Scale mail        |    76 |    51 |     5 |       ||   132
         Plate armour      |       |       |   208 |    20 ||   228
  Dodge: Dodged            |    81 |    73 |    80 |     2 ||   236
  Block: Buckler           |    22 |    96 |   164 |    11 ||   293
         Reflection        |       |     2 |     4 |       ||     6
         Tower shield      |       |    10 |       |       ||    10

Table legend: (Time is in decaauts)
 A = Elapsed time spent in this place.
 B = Non-inter-level travel time spent in this place.
 C = Inter-level travel time spent in this place.
 D = Time resting spent in this place.
 E = Time spent auto-exploring this place.
 F = Levels seen in this place.
 G = Mean time per level.
                   A        B        C        D        E       F      G
               +--------+--------+--------+--------+--------+-----+--------+
         Total |   9088 |   8115 |    973 |   1641 |   4514 |  11 |  826.2 |
       Dungeon |   8847 |   7926 |    921 |   1641 |   4343 |   9 |  983.0 |
        Temple |    230 |    178 |     52 |      0 |    169 |   1 |  230.0 |
        Bailey |     10 |     10 |      0 |      0 |      2 |   1 |   10.0 |
               +--------+--------+--------+--------+--------+-----+--------+

Top non-repeatable levels by time:
     D:7: 1596 daAuts
     D:5: 1534 daAuts
     D:1: 1367 daAuts
     D:4: 1177 daAuts
     D:3: 1121 daAuts
     D:2: 888 daAuts
     D:6: 775 daAuts
     D:8: 380 daAuts
  Temple: 230 daAuts
  Bailey: 10 daAuts
     D:9: 4 daAuts
